cohdb
Replays
Latest Replays
All Replays
Popular Replays
Top Player Replays
Match Explorer
How It Works
Community
CoH3 Stats
Reddit
Sign in to upload your games and track your stats! →
Sign in with Steam
Match 43179025
Unlisted
Match 43179025
Overview
Messages
Build Orders
End
Panzergrenadier Squad
Selects Italian Infantry
250 Light Carrier
Construct Light Support Kompanie
Panzerjäger Squad
MG34 Team
Fire Support Elements
Selects Guastatori Squad
le.IG 18 Support Gun Team
Flakvierling Half-track
Assault Grenadier Squad
Selects Registered Artillery
Panzerpioneer Squad
Construct Panzerarmee Kommand
Walking Stuka Rocket Launcher
Panzerjäger Squad
Armored Reserves
Selects Towed Cannone da 105/28 Field Howitzer
Towed Cannone da 105/28 Field Howitzer
Panzer IV Assault Group
Guastatori Squad
Selects Defensive Operations
Selects Territory Booby Traps
Registered Artillery
Tiger Heavy Tank
Selects Obice 305mm Barrage
Construct Mechanized Kompanie
Obice 305mm Barrage
Panzer IV Assault Group
Obice 305mm Barrage
Veteran Squad Leaders
Obice 305mm Barrage
18-tonne Recovery Half-track
Registered Artillery
alessio797979
鼻涕一甩排山倒海
matrix4x4
Myth
MajorMalfunction_
Devin
冯广
Juicethekidd
0
0
Comments
sign in to comment!
No comments posted yet!